 Dungeon Crawl Stone Soup version 0.26-a0-670-g578ab304f5 (webtiles) character file.

Game seed: 13548844370765301568

186 PentaManta the Ruffian (level 5, 0/47 HPs)
             Began as a Ghoul Monk on Oct 18, 2020.
             Slain by an ogre
             ... wielding a cursed -1 giant club
              (24 damage)
             ... on level 4 of the Dungeon.
             The game lasted 00:06:05 (3407 turns).

PentaManta the Ruffian (Ghoul Monk)                 Turns: 3407, Time: 00:06:06

Health: 0/47       AC: 11    Str: 16    XL:     5   Next: 65%
Magic:  4/4        EV: 10    Int:  5    God:
Gold:   130        SH:  0    Dex: 11    Spells: 4/4 levels left

rFire    . . .     SeeInvis .     - Unarmed
rCold    + . .     Faith    .   (no shield)
rNeg     + + +     Spirit   .   u - +0 scale mail
rPois    ∞         Reflect  .   k - +0 helmet
rElec    .         Harm     .   (no cloak)
rCorr    .         Rampage  .   (no gloves)
MR       .....                  (no boots)
Stlth    ..........             (no amulet)
HPRegen  0.00/turn              j - ring of wizardry
MPRegen  0.09/turn              r - +4 ring of protection

@: no status effects
A: rotting body, claws 1, cold resistance 1, negative energy resistance 3,
inhibited regeneration, torment resistance, unbreathing
a: no special abilities


You were on level 4 of the Dungeon.
You visited 1 branch of the dungeon, and saw 4 of its levels.

You collected 130 gold pieces.

Inventory:

Hand Weapons
 a - a +0 hunting sling
Missiles
 l - 3 javelins (quivered)
 m - 158 stones
 n - 47 poisoned darts
Armour
 d - a +2 pair of gloves
 k - a +0 helmet (worn)
 q - a +0 chain mail
 u - a +0 scale mail (worn)
Jewellery
 j - a ring of wizardry (left claw)
 p - an uncursed ring of protection from cold {unknown}
 r - a +4 ring of protection (right claw)
Scrolls
 c - 3 scrolls of fear {unknown}
 e - 6 scrolls of identify {unknown}
 g - 2 scrolls of remove curse
 h - a scroll of magic mapping {unknown}
 t - 3 scrolls of blinking
 x - a scroll of teleportation {unknown}
Potions
 b - a potion of might {unknown}
 f - 3 potions of curing {unknown}
 i - a potion of magic {unknown}
 o - 2 potions of cancellation {unknown}
 s - a potion of stabbing {unknown}
 v - a potion of ambrosia {unknown}
 w - a potion of berserk rage {unknown}
 z - a potion of heal wounds {unknown}
 A - a potion of lignification {unknown}


   Skills:
 + Level 4.3 Fighting
 + Level 2.1 Armour
 + Level 3.6 Dodging
 - Level 2.1 Stealth
 + Level 4.4 Unarmed Combat


You had 4 spell levels left.
You didn't know any spells.
Your spell library was empty.

Dungeon Overview and Level Annotations

Branches:
Dungeon (4/15)
 Temple: D:4-7

Altars:
Ashenzari
Ru


Innate Abilities, Weirdness & Mutations

Your body is rotting away.
You thrive by killing the living.
You are immune to poison.
You have sharp fingernails.
Your flesh is cold resistant. (rC+)
You are immune to negative energy. (rN+++)
You do not regenerate when monsters are visible.
You are immune to unholy pain and torment.
You can survive without breathing.


Message History

The ogre is heavily wounded.
You barely miss the ogre.
The ogre is heavily wounded.
The ogre completely misses you.
You scratch the ogre.
The ogre is heavily wounded.
The ogre barely misses you.
You barely miss the ogre.
The ogre is heavily wounded.
You scratch the ogre.
The ogre is heavily wounded.
The ogre hits you with a cursed -1 giant club!
You barely miss the ogre.
The ogre is heavily wounded.
The ogre misses you.
You barely miss the ogre.
The ogre is heavily wounded.
The ogre hits you with a cursed -1 giant club!!
Ouch! That really hurt!
You die...

####.... #......
##.>... #..... #...
#.... .... ... ...
#O# #.. #@######## ..
#......... #.
#.........
#.########.........
###..................
#....########.######.
#....# #.# #....# #.#
#....# #.#


You could see an ogre.

Vanquished Creatures
  Terence (D:2)
  An iguana (D:3)
  A worker ant (D:4)
  Robin (D:3)
  An adder (D:2)
  2 worms (D:3)
  2 dart slugs
  A leopard gecko (D:2)
  4 orcs (D:3)
  10 bats
  3 giant cockroaches (D:1)
  16 goblins
  7 hobgoblins
  5 jackals
  A ball python (D:3)
  A ball python skeleton (D:4)
  4 frilled lizards
  9 kobolds
  4 rats
74 creatures vanquished.

Notes
Turn   | Place    | Note
-------+----------+-------------------------------------------
     0 | D:1      | PentaManta the Ghoul Monk began the quest for the Orb.
     0 | D:1      | Reached XP level 1. HP: 19/19 MP: 0/0
    94 | D:1      | Reached XP level 2. HP: 21/26 MP: 1/1
   379 | D:1      | Reached skill level 1 in Armour
   379 | D:1      | Reached XP level 3. HP: 29/31 MP: 2/2
  1032 | D:2      | Found a sacrificial altar of Ru.
  1263 | D:2      | Found a faded altar of an unknown god.
  1266 | D:2      | Noticed Terence
  1536 | D:2      | Killed Terence
  1536 | D:2      | Reached XP level 4. HP: 40/40 MP: 3/3
  1968 | D:3      | Noticed Robin
  1989 | D:3      | Killed Robin
  2118 | D:2      | Reached XP level 5. HP: 9/46 MP: 4/4
  2970 | D:3      | Found a broken altar of Ashenzari.
  3399 | D:4      | Noticed an ogre
  3407 | D:4      | Slain by an ogre

Illustrated notes

Levels and vault maps discovered:
D:1:      sevenhm_arrival_forest_fort_large_4, layout_basic,
          minmay_misc_feat_rows, minmay_heptomino_h4
D:2:      layout_loops_ring, nicolae_ru_awakened_eye,
          chequers_ecumenical_altar_simple, uniq_terence
D:3:      wad_pebble_path, layout_loops_ring, cheibrodos_ashenzari_chains,
          st_stairs_5, uniq_robin
D:4:      layout_basic, temple_hall, uniq_sigmund, uniq_edmund

Skill      XL: |  1  2  3  4  5 |
---------------+----------------+-----
Armour         | 1 2 |  2.1
Dodging        | 3 |  3.6
Unarmed Combat | 4 |  4.4
Fighting       | 4 |  4.3
Stealth        | |  2.1

Action                   |  1- 3 |  4- 6 || total
-------------------------+-------+-------++-------
Melee: Unarmed           |    91 |   178 ||   269
       Punch             |     4 |     1 ||     5
  Use: Scroll            |       |     3 ||     3
 Stab: Sleeping          |     4 |       ||     4
Armor: Robe              |     3 |       ||     3
       Leather armour    |    12 |       ||    12
       Scale mail        |       |    72 ||    72
Dodge: Dodged            |    50 |    94 ||   144

Table legend: (Time is in decaauts)
 A = Elapsed time spent in this place.
 B = Non-inter-level travel time spent in this place.
 C = Inter-level travel time spent in this place.
 D = Time resting spent in this place.
 E = Time spent auto-exploring this place.
 F = Levels seen in this place.
 G = Mean time per level.
                   A        B        C        D        E       F      G
               +--------+--------+--------+--------+--------+-----+--------+
         Total |   3387 |   3210 |    177 |    730 |   1876 |   4 |  846.8 |
       Dungeon |   3387 |   3210 |    177 |    730 |   1876 |   4 |  846.8 |
               +--------+--------+--------+--------+--------+-----+--------+

Top non-repeatable levels by time:
     D:2: 1167 daAuts
     D:3: 1083 daAuts
     D:1: 1029 daAuts
     D:4: 107 daAuts
